 Dungeon Crawl Stone Soup version 0.30.1 (webtiles) character file.

Game seed: 11601310221710958056

11600 Babbit the Blocker (level 11, 0/97 HPs)
             Began as a Minotaur Fighter on July 7, 2023.
             Was a Believer of Elyvilon.
             Slain by a merfolk impaler
             ... wielding a +2 heavy trident
              (3 damage)
             ... on level 1 of the Shoals.
             The game lasted 02:15:02 (9023 turns).

Babbit the Blocker (Minotaur Fighter)               Turns: 9023, Time: 02:15:02

Health: 0/97       AC: 19    Str: 26    XL:     11   Next: 51%
Magic:  0/10       EV: 16    Int:  5    God:    Elyvilon [**....]
Gold:   451        SH:  7    Dex: 18    Spells: 10/10 levels left

rFire   + . .        U - +4 broad axe (flame)
rCold   + . .        c - +0 buckler
rNeg    . . .        p - +9 ring mail of the Equator {rPois rF+ rC+ Str+3}
rPois   +            (helmet restricted)
rElec   .            M - +1 cloak
rCorr   .            (no gloves)
SInv    .            a - +0 pair of boots
Will    +....        k - amulet of guardian spirit
Stlth   ++           J - ring of willpower
HPRegen 0.36/turn    L - +6 ring of dexterity
MPRegen 0.12/turn

%: guardian spirit
@: no status effects
A: horns 2, retaliatory headbutt
a: Renounce Religion, Purification, Heal Other


You were on level 1 of the Shoals.
You worshipped Elyvilon.
Elyvilon was pleased with you.
You visited 4 branches of the dungeon, and saw 12 of its levels.

You collected 473 gold pieces.
You spent 22 gold pieces at shops.

Inventory:

Hand Weapons
 e - a +1 whip of flaming
 n - a +0 dagger of protection
 N - a +4 dagger
 U - a +4 broad axe of flaming (weapon)
Missiles
 b - a throwing net
 R - 2 silver boomerangs
Armour
 a - a +0 pair of boots (worn)
 c - a +0 buckler (worn)
 p - the +9 ring mail of the Equator (worn) {rPois rF+ rC+ Str+3}
   (You found it on level 2 of the Dungeon)

   Str:       It affects your strength (+3).
   rF:        It protects you from fire.
   rC:        It protects you from cold.
   rPois:     It protects you from poison.
 t - a +2 robe of willpower
 B - the +2 robe of the Okapi {Will+ rCorr}
   (You found it on level 3 of the Dungeon)

   rCorr:     It protects you from acid and corrosion.
   Will:      It increases your willpower.
 M - a +1 cloak (worn)
 T - a +2 scale mail of positive energy
 V - +0 steam dragon scales
Jewellery
 k - an amulet of guardian spirit (around neck)
 F - a ring of protection from cold
 J - a ring of willpower (left hand)
 L - a +6 ring of dexterity (right hand)
 W - a +5 ring of evasion
 X - a ring of ice
 Y - a +4 ring of protection
 Z - a ring of magical power
Wands
 C - a wand of charming (9)
 D - a wand of mindburst (9) (quivered)
 Q - a wand of flame (28)
 S - a wand of quicksilver (6)
Scrolls
 g - 5 scrolls of teleportation
 j - 4 scrolls of magic mapping
 l - a scroll of noise {unknown}
 m - 2 scrolls of amnesia
 o - a scroll of torment {unknown}
 q - a scroll of acquirement {unknown}
 r - 4 scrolls of fear
 u - a scroll of poison {unknown}
 x - a scroll of immolation {unknown}
 y - 2 scrolls of fog {unknown}
 A - a scroll of silence {unknown}
 E - 2 scrolls of brand weapon
 G - a scroll of enchant weapon {unknown}
 I - a scroll of enchant armour {unknown}
 K - 4 scrolls of blinking
 P - a scroll of vulnerability {unknown}
Potions
 d - 3 potions of might
 h - 3 potions of attraction
 i - 3 potions of mutation
 s - 3 potions of lignification
 v - a potion of curing
 w - a potion of cancellation
 z - 4 potions of flight
 H - a potion of ambrosia {unknown}
 O - 2 potions of brilliance


   Skills:
 + Level 9.0 Fighting
 + Level 9.2 Short Blades
 + Level 8.0 Axes
 + Level 9.0 Armour
 + Level 9.0 Dodging
 + Level 2.3 Stealth
 + Level 9.8 Shields
 + Level 1.6 Evocations


You had 10 spell levels left.
You didn't know any spells.
Your spell library contained the following spells:

 Spells                   Type           Power      Damage    Failure   Level
 Shock                    Conj/Air       0%         1d3       65%         1
 Stone Arrow              Conj/Erth      0%         3d7       95%         3
 Swiftness                Air            0%         N/A       95%         3
 Tukima's Dance           Hex            0%         N/A       95%         3
 Airstrike                Air            0%         2d(0-16)  100%        4
 Animate Armour           Summ/Erth      0%         N/A       100%        4
 Passage of Golubria      Tloc           0%         N/A       100%        4
 Yara's Violent Unravell  Hex/Tmut       0%         3d3       100%        5
 Lehudib's Crystal Spear  Conj/Erth      0%         10d2      100%        8


Dungeon Overview and Level Annotations

Branches:
Dungeon (8/15)             Temple (1/1) D:7            Lair (2/5) D:8
 Shoals (1/4) Lair:2
  Snake: Lair:2-3    Spider: Lair:2-3

Altars:
Ashenzari
Cheibriados
Dithmenos
Elyvilon
Gozag
Hepliaklqana
Kikubaaqudgha
Makhleb
Nemelex Xobeh
Okawaru
Ru
Sif Muna
Trog
Uskayaw
Vehumet
Wu Jian
Xom
Yredelemnul
Zin
The Shining One

Shops:
D:3 ?


Innate Abilities, Weirdness & Mutations

You have a pair of horns on your head.
You reflexively headbutt those who attack you in melee.


Message History

The boomerang closely misses you.
You hit the snapping turtle but do no damage.
You headbutt the snapping turtle.
The snapping turtle is almost dead.
The snapping turtle bites you but does no damage.
The merfolk impaler barely misses you.
The merfolk throws a boomerang.
The boomerang hits you. The snapping turtle barely misses you.
You furiously retaliate!
You headbutt the snapping turtle.
The merfolk impaler hits you from afar with a +2 heavy trident!
The merfolk throws a boomerang.
The boomerang hits you but does no damage.
The snapping turtle bites you but does no damage.
You barely miss the snapping turtle. You headbutt the snapping turtle.
You kill the snapping turtle!
The merfolk impaler completely misses you.
You block the merfolk's attack.
The merfolk impaler completely misses you.
Your Fighting skill increases to level 9!
Your Axes skill increases to level 8!
Your Dodging skill increases to level 9!
The merfolk hits you from afar with a +0 trident.
A skyshark comes into view.
Aiming: Mindburst
Press: ? - help, Q - select action, (/) - cycle Shift-Dir - straight line, f - merfolk impaler
Aim: a merfolk impaler, wielding a +2 heavy trident and wearing a +0 robe (chance to affect: 54%)
The merfolk impaler's mind is blasted!
The merfolk hits you from afar with a +0 trident.
The merfolk impaler hits you from afar with a +2 heavy trident!
Aiming: Mindburst
Press: ? - help, Q - select action, (/) - cycle Shift-Dir - straight line, f/p - merfolk impaler
Aim: a merfolk impaler, wielding a +2 heavy trident and wearing a +0 robe (lightly wounded, chance to affect: 54%)
The merfolk impaler's mind is blasted!!
The merfolk impaler hits you from afar with a +2 heavy trident!!
The merfolk throws a boomerang.
You block the boomerang.
The merfolk impaler hits you from afar with a +2 heavy trident!!
* * * LOW HITPOINT WARNING * * *
The merfolk hits you from afar with a +0 trident!
* * * LOW HITPOINT WARNING * * *
The merfolk impaler hits you from afar with a +2 heavy trident.
You die...

P~..........
P~~.~~~.... ..
~~~~......# ...
~≈≈~....#.###.~.
.~≈~..........~~
..~≈~........~~~
.~~≈≈~......~~~~
.~~~~..@....~~~~
...~~.l...~~~~~~
...~~~mm<~~~~~≈≈
....~~~~~~~~~≈≈≈
#.~~.~.~~~~≈≈≈≈≈
#.~~~~~~~≈≈≈≈≈≈≈
..~~≈≈≈~~≈≈≈≈≈≈≈
..~~~≈≈≈≈≈≈≈≈≈≈≈
.~≈≈~~~≈≈≈≈≈≈≈≈


You could see a merfolk impaler, a skyshark and a merfolk.

Vanquished Creatures
  A two-headed ogre (D:8)
  Sonja (Lair:1)
  Pikel (D:5)
  4 elephants (Lair:1)
  Maggie (D:8)
  4 cane toads
  Psyche (D:8)
  2 snapping turtles
  A shadow (D:8)
  8 yaks (D:8)
  A basilisk (Lair:1)
  Grum (Lair:1)
  Menkaure (D:7)
  Edmund (D:6)
  2 water moccasins
  2 sky beasts
  An ice beast (D:5)
  8 wolves
  4 ogres
  A centaur (D:6)
  A phantom (D:4)
  2 kobold brigands
  Blork the orc (D:6)
  4 bullfrogs
  3 scorpions (D:6)
  40 killer bees (D:8)
  An electric eel (Lair:2)
  A howler monkey (D:6)
  3 hounds
  4 jellies
  2 orc priests
  4 iguanas
  3 orc wizards
  2 hell rats (Lair:1)
  10 adders
  7 river rats (Lair:1)
  3 white imps
  An ufetubus (D:5)
  4 worms
  2 dart slugs
  19 orcs
  5 ball pythons
  7 bats
  10 endoplasms
  8 giant cockroaches
  4 goblins
  9 hobgoblins
  5 jackals
  A quokka (D:5)
  A frilled lizard (D:1)
  13 kobolds
  12 rats
238 creatures vanquished.

Notes
Turn   | Place    | Note
-------+----------+-------------------------------------------
     0 | D:1      | Babbit the Minotaur Fighter began the quest for the Orb.
     0 | D:1      | Reached XP level 1. HP: 19/19 MP: 0/0
   113 | D:1      | Reached XP level 2. HP: 27/27 MP: 1/1
   156 | D:1      | Found a hide-covered altar of Uskayaw.
   523 | D:1      | Reached XP level 3. HP: 32/33 MP: 2/2
  1114 | D:2      | Identified the +9 ring mail of the Equator {rPois rF+ rC+
                  | Str+3}
  1644 | D:3      | Reached XP level 4. HP: 40/40 MP: 3/3
  1706 | D:3      | Reached skill level 1 in Dodging
  2018 | D:3      | Found Peufoirgh's Magic Scroll Boutique.
  2028 | D:3      | Bought a scroll of identify for 22 gold pieces
  2048 | D:3      | Reached skill level 1 in Short Blades
  2457 | D:3      | Found a faded altar of an unknown god.
  2571 | D:3      | Identified the +2 robe of the Okapi {Will+ rCorr}
  2638 | D:3      | Reached XP level 5. HP: 46/46 MP: 4/4
  2759 | D:4      | Noticed a phantom
  2772 | D:4      | Killed a phantom
  2834 | D:4      | Noticed an ogre
  2849 | D:4      | Killed an ogre
  2850 | D:4      | Reached skill level 5 in Armour
  2850 | D:4      | Reached XP level 6. HP: 53/53 MP: 5/5
  3155 | D:4      | Reached XP level 7. HP: 60/60 MP: 6/6
  3267 | D:4      | Reached skill level 5 in Fighting
  3669 | D:5      | Entered Level 5 of the Dungeon
  3839 | D:5      | Noticed Pikel
  3897 | D:5      | Killed Pikel
  3898 | D:5      | Reached skill level 5 in Short Blades
  3898 | D:5      | Reached skill level 5 in Shields
  3898 | D:5      | Reached XP level 8. HP: 70/70 MP: 7/7
  4691 | D:6      | Noticed Blork the orc
  4706 | D:6      | Killed Blork the orc
  4707 | D:6      | Reached skill level 5 in Dodging
  4866 | D:6      | Reached skill level 1 in Stealth
  5055 | D:6      | Noticed Edmund
  5080 | D:6      | Killed Edmund
  5081 | D:6      | Reached XP level 9. HP: 68/78 MP: 8/8
  5378 | D:7      | Noticed Menkaure
  5391 | D:7      | Killed Menkaure
  5634 | D:7      | Found a staircase to the Ecumenical Temple.
  5655 | Temple   | Entered the Ecumenical Temple
  5685 | Temple   | Became a worshipper of Elyvilon the Healer
  5756 | D:7      | Found a radiant altar of Vehumet.
  6195 | D:8      | Reached * piety under Elyvilon
  6195 | D:8      | Found a staircase to the Lair.
  6204 | D:8      | Noticed Psyche
  6219 | D:8      | Killed Psyche
  6306 | D:8      | Noticed a two-headed ogre
  6332 | D:8      | Killed a two-headed ogre
  6333 | D:8      | Reached XP level 10. HP: 44/86 MP: 5/9
  6891 | D:8      | Noticed Maggie
  6977 | D:8      | Killed Maggie
  7195 | D:8      | Reached skill level 1 in Evocations
  7573 | Lair:1   | Entered Level 1 of the Lair of Beasts
  7573 | Lair:1   | Noticed an elephant
  7578 | Lair:1   | Noticed an elephant
  7580 | Lair:1   | Noticed an elephant
  7580 | Lair:1   | Killed an elephant
  7581 | Lair:1   | Noticed an elephant
  7584 | Lair:1   | Killed an elephant
  7591 | Lair:1   | Killed an elephant
  7592 | Lair:1   | Reached skill level 5 in Axes
  7592 | Lair:1   | Reached XP level 11. HP: 73/94 MP: 8/10
  7919 | Lair:1   | Noticed Sonja
  7941 | Lair:1   | Killed Sonja
  7993 | Lair:1   | Reached ** piety under Elyvilon
  8371 | Lair:1   | Noticed Grum
  8381 | Lair:1   | Killed Grum
  8999 | Lair:2   | Found a staircase to the Shoals.
  9012 | Shoals:1 | Entered Level 1 of the Shoals
  9012 | Shoals:1 | Noticed a merfolk impaler
  9020 | Shoals:1 | Noticed a skyshark
  9023 | Shoals:1 | HP: 3/97 [merfolk/+0 trident (11)]
  9023 | Shoals:1 | Slain by a merfolk impaler

Illustrated notes

Levels and vault maps discovered:
D:1:      psy_arrival_spokes, layout_loops_cross, st_stairs_12, hex_medium,
          hangedman_decor_points, grunt_decor_junction, minmay_hexomino_r4
D:2:      layout_basic
D:3:      layout_loops_ring, shapermc_ecumenical_altar_mp_highgroup,
          serial_rivers, chequers_serial_rivers_small_3,
          chequers_serial_rivers_micro_a, chequers_serial_rivers_large_b,
          chequers_serial_rivers_micro_e, chequers_serial_rivers_small_3,
          serial_shops, shop, mrwooster_statue_mirror
D:4:      layout_basic, chequers_serial_rivers_marsh
D:5:      layout_loops_ring, uniq_pikel
D:6:      layout_gridville, uniq_edmund, uniq_blork_the_orc
D:7:      layout_cave_pools, mainiacjoe_overflow_24_doors,
          minmay_temple_entry_statues_pillars, uniq_menkaure
D:8:      wad_woods_minihive, layout_basic, kennysheep_generic_room_11,
          uniq_psyche, uniq_maggie
Temple:   nicolae_temple_no_exploring_needed
Lair:1:   layout_cave_pods, hangedman_lair_unloving_vines, kennysheep_rathole,
          serial_bayou_shore_a, uniq_grum, uniq_sonja
Lair:2:   layout_chaotic_city, minmay_shoals_entry_hut,
          spider_nest_entry_rubble, gammafunk_ghost_cemetery
Shoals:1: layout_shoals, nicolae_shop_self_help, uniq_kirke

Skill      XL: |  1  2  3  4  5  6  7  8  9 10 11 |
---------------+----------------------------------+-----
Armour         | 4 5 6 7 8 9 |  9.0
Fighting       | 4 5 6 7 8 9 |  9.0
Shields        | 4 5 7 9 |  9.8
Axes           | 3 4 5 8 |  8.0
Dodging        | 1 2 3 4 5 7 8 9 |  9.0
Short Blades   | 1 2 3 5 6 8 9 |  9.2
Stealth        | 1 2 |  2.3
Evocations     | 1 |  1.6

Action                     |  1- 3 |  4- 6 |  7- 9 | 10-12 || total
---------------------------+-------+-------+-------+-------++-------
  Melee: War axe           |    56 |     7 |       |       ||    63
         Headbutt          |    19 |    29 |   115 |    89 ||   252
         Dagger            |    95 |   127 |   503 |   245 ||   970
         Broad axe         |       |       |       |   131 ||   131
  Throw: Throwing net      |       |       |     1 |       ||     1
  Evoke: Wand              |       |       |     3 |    21 ||    24
    Use: Scroll            |       |     6 |     2 |     7 ||    15
         Potion            |       |       |     5 |     3 ||     8
 Armour: Scale mail        |    43 |       |       |       ||    43
         Ring mail         |    40 |    60 |   140 |   132 ||   372
  Dodge: Dodged            |    51 |    58 |   150 |   262 ||   521
  Block: Buckler           |    32 |    12 |    72 |   139 ||   255
